 Dungeon Crawl Stone Soup version 0.26.1-2-gb8aa6d0cf2 (webtiles) character file.

Game seed: 6914586995578923641

66 nightchill the Unweaver (level 3, -6/29 HPs)
             Began as a Demonspawn Abyssal Knight on Mar 4, 2021.
             Was a Follower of Lugonu.
             Mangled by a gnoll
             ... wielding a +0 halberd
              (10 damage)
             ... on level 2 of the Dungeon.
             The game lasted 00:04:53 (2563 turns).

nightchill the Unweaver (Demonspawn Abyssal Knight) Turns: 2563, Time: 00:04:54

Health: -6/29      AC:  4    Str: 10 (13) XL:     3   Next: 96%
Magic:  5/5        EV: 11    Int: 11 (13) God:    Lugonu [*.....]
Gold:   86         SH:  0    Dex:  9 (12) Spells: 2/2 levels left

rFire    . . .     SeeInvis .     - Unarmed
rCold    . . .     Faith    .   (no shield)
rNeg     . . .     Spirit   .   a - +0 leather armour
rPois    .         Reflect  .   (no helmet)
rElec    .         Harm     .   (no cloak)
rCorr    .         Rampage  .   (no gloves)
Will     .....                  j - +0 pair of boots
Stlth    +.........             (no amulet)
HPRegen  0.09/turn              (no ring)
MPRegen  0.09/turn              (no ring)

@: no status effects
A: demonic guardian 1, powered by death 1
a: Renounce Religion, Depart the Abyss


You were on level 2 of the Dungeon.
You worshipped Lugonu.
Lugonu was aware of your devotion.
You visited 1 branch of the dungeon, and saw 2 of its levels.
You visited the Abyss 1 time.

You collected 86 gold pieces.

Inventory:

Missiles
 m - 14 poisoned darts
Armour
 a - a +0 leather armour (worn)
 j - a +0 pair of boots (worn)
Jewellery
 h - a cursed -4 ring of intelligence {unknown}
Wands
 l - a wand of flame (22)
Scrolls
 b - a scroll of teleportation {unknown}
 g - a scroll of enchant armour {unknown}
 i - a scroll of blinking {unknown}
 k - a scroll of identify {unknown}
Potions
 e - a potion of cancellation


   Skills:
 + Level 3.5 Fighting
 - Level 1.7 Armour
 - Level 0.8 Dodging
 * Level 3.0 Unarmed Combat
 + Level 3.5 Invocations


You had 2 spell levels left.
You didn't know any spells.
Your spell library was empty.

Dungeon Overview and Level Annotations

Branches:
Dungeon (2/15)

Altars:
Okawaru

Annotations:
D:1 exclusion: 3 downstairs


Innate Abilities, Weirdness & Mutations

A weak demonic guardian rushes to your aid.
You regenerate a little health from kills.


Message History

The gnoll is heavily wounded.
The gnoll closely misses you.
You barely miss the gnoll.
The gnoll is heavily wounded.
The gnoll closely misses you.
You hit the gnoll but do no damage.
The gnoll is heavily wounded.
The gnoll barely misses you.
You hit the gnoll but do no damage.
The gnoll is heavily wounded.
You closely miss the gnoll.
The gnoll is heavily wounded.
The gnoll closely misses you.
You hit the gnoll.
The gnoll is almost dead.
The gnoll hits you but does no damage.
You barely miss the gnoll.
The gnoll is almost dead.
The gnoll hits you with a +0 halberd!
You die...

#####....... ..#
#.........# ....
#.........# ###...#.
#.........####...... .....
#.........##......# ......
#.................## ......
#.........##.>.....#.......
#.........##.#.............
#......(.(@g......##.......
#..<.(...<#...)............
#####.#####............###.
#..# #....>...####.....
#.## #........#........ #.#
#.......#..####### #.#
#.......#.## $ # #.#
#.......#.# #.# ##.#..###.#


You could see a gnoll.

Vanquished Creatures
  A gnoll (D:1)
  An adder (D:1)
  An ooze (D:1)
  2 dart slugs (D:1)
  2 orcs (D:2)
  2 bats (D:1)
  3 giant cockroaches (D:2)
  3 goblins
  3 hobgoblins
  2 kobolds (D:2)
  2 quokkas
  A ball python (D:1)
  A frilled lizard (D:1)
  4 rats
28 creatures vanquished.

Vanquished Creatures (collateral kills)
  A gnoll (D:2)
1 creature vanquished.

Grand Total: 29 creatures vanquished

Notes
Turn   | Place    | Note
-------+----------+-------------------------------------------
     0 | Abyss:1  | nightchill the Demonspawn Abyssal Knight began the quest
                  | for the Orb.
     0 | Abyss:1  | Reached XP level 1. HP: 18/18 MP: 2/2
    49 | Abyss:1  | Noticed a jelly
    67 | D:1      | Escaped the Abyss
   171 | D:1      | Found an iron altar of Okawaru.
   184 | D:1      | Gained mutation: You regenerate a little health from kills.
                  | [demonic ancestry]
   184 | D:1      | Reached XP level 2. HP: 16/24 MP: 4/4
  1173 | D:2      | Reached * piety under Lugonu
  1185 | D:1      | Gained mutation: A weak demonic guardian rushes to your
                  | aid. [demonic ancestry]
  1185 | D:1      | Reached XP level 3. HP: 22/29 MP: 5/5
  2133 | D:2      | HP: 1/29 [orc priest/+0 club (3)]
  2563 | D:2      | Mangled by a gnoll

Illustrated notes

Levels and vault maps discovered:
D:1:      minmay_arrival_five_plusses, layout_loops_corners,
          okawaru_ov_weapons_minmay
D:2:      cheibrodos_pilgrimage, layout_rooms, minmay_misc_feat_chi

Skill      XL: |  1  2  3 |
---------------+----------+-----
Unarmed Combat | 2 3 |  3.0
Invocations    | 3 |  3.5
Fighting       | |  3.5
Armour         | |  1.7
Dodging        | |  0.8

Action                   || total
-------------------------++-------
Melee: Unarmed           ||   183
       Punch             ||     2
Invok: Depart the Abyss  ||     1
  Use: Potion            ||     4
 Stab: Invisible         ||     1
Armor: Leather armour    ||    45
Dodge: Dodged            ||   106
